[Event "Titled Tuesday Blitz May 23 Early 2023"]
[White "Ibadov, Dashgyn"]
[Black "Kopczynski, Michal"]
[WhiteFideId "24107514"]
[BlackFideId "1124200"]
[WhiteElo "2208"]
[BlackElo "2212"]
[Result "1-0"]
[Round "10"]
[TimeControl "180+2"]
[Date "2023.05.23"]
[WhiteClock "0:00:47"]
[BlackClock "0:01:21"]

1. e4 c5 2. Nf3 d6 3. d4 cxd4 4. Nxd4 Nf6 5. Nc3 g6 6. Be3 Bg7 7. f3 O-O 8. Qd2 Nc6 9. O-O-O d5 10. Nxc6 bxc6 11. Qe1 e6 12. h4 Qa5 13. Kb1 Rb8 14. Bd4 Bd7 15. h5 c5 16. Bxf6 Bxf6 17. e5 d4 18. Nd5 Bd8 19. Qxa5 Bxa5 20. Nf6+ Kg7 21. Nxd7 1-0


[Site "https://www.chess.com"]

[Event "Titled Tuesday Blitz May 23 Early 2023"]
[White "Han, Yichen"]
[Black "Herzog2012"]
[WhiteFideId "1054430"]
[WhiteElo "2342"]
[BlackElo "2382"]
[Result "1-0"]
[Round "10"]
[TimeControl "180+2"]
[Date "2023.05.23"]
[WhiteClock "0:00:09"]
[BlackClock "0:00:06"]

1. e4 c5 2. Nc3 Nc6 3. Bb5 Nd4 4. Nf3 g6 5. Nxd4 cxd4 6. Ne2 Bg7 7. O-O Nf6 8. d3 Qb6 9. Ba4 O-O 10. Bb3 a5 11. a4 d6 12. f4 Ng4 13. h3 Ne3 14. Bxe3 dxe3 15. d4 Be6 16. Ra3 Bxb3 17. Rxb3 Qc6 18. Qd3 Qxa4 19. Rxb7 Rab8 20. Rxb8 Rxb8 21. b3 Qa2 22. Nc3 Qb2 23. Rb1 e2 24. Kf2 Bxd4+ 25. Qxd4 Qxc2 26. Re1 Rxb3 27. Nd5 e6 28. Nf6+ Kf8 29. Qxd6+ Kg7 30. Ne8+ Kg8 31. Qe5 Rb1 32. Qg7# 1-0


[Site "https://www.chess.com"]

[Event "Titled Tuesday Blitz May 23 Early 2023"]
[White "Gontcharov, Vladislav"]
[Black "Manon-og, Ramon Jr."]
[WhiteFideId "4123492"]
[BlackFideId "5200776"]
[WhiteElo "2420"]
[BlackElo "2342"]
[Result "1-0"]
[Round "10"]
[TimeControl "180+2"]
[Date "2023.05.23"]
[WhiteClock "0:00:58"]
[BlackClock "0:00:08"]

1. d4 Nf6 2. c4 g6 3. Nc3 d5 4. Qb3 dxc4 5. Qxc4 Bg7 6. e4 a6 7. Nf3 b5 8. Qe2 Bb7 9. a3 O-O 10. g3 Nc6 11. d5 Na5 12. Bg2 Nb3 13. Rb1 Nxc1 14. Rxc1 c6 15. dxc6 Bxc6 16. O-O Qb6 17. Ne5 Bb7 18. Rfd1 Rad8 19. Nd3 Rd4 20. e5 Nd5 21. Bxd5 Bxd5 22. Qe3 Bb7 23. Ne2 Rfd8 24. Nxd4 Rxd4 25. Rd2 Qd8 26. Rcd1 Qd5 27. f3 e6 28. Nb4 Rxd2 29. Rxd2 Qxe5 30. Qxe5 Bxe5 31. Kf2 Kg7 32. f4 Bf6 33. Ke3 a5 34. Nd3 Be7 35. Rc2 Bd5 36. Rc7 Bf6 37. Ne5 b4 38. axb4 axb4 39. Rxf7+ 1-0


[Site "https://www.chess.com"]

[Event "Titled Tuesday Blitz May 23 Early 2023"]
[White "Wadsworth, Matthew J"]
[Black "Goldin, Roman"]
[WhiteFideId "415804"]
[BlackFideId "2803860"]
[WhiteElo "2347"]
[BlackElo "2312"]
[Result "1-0"]
[Round "10"]
[TimeControl "180+2"]
[Date "2023.05.23"]
[WhiteClock "0:00:23"]
[BlackClock "0:00:00"]

1. Nf3 Nf6 2. g3 b5 3. Bg2 Bb7 4. O-O c5 5. d3 d6 6. e4 g6 7. a4 b4 8. Nbd2 Bg7 9. Nc4 Nc6 10. e5 dxe5 11. Nfxe5 Qc8 12. Re1 Nxe5 13. Rxe5 O-O 14. Rxe7 Bxg2 15. Kxg2 Nd5 16. Re1 Nb6 17. Qf3 Nxc4 18. dxc4 Qa6 19. Qb3 Rae8 20. Rxe8 Rxe8 21. Be3 Re4 22. Rd1 h6 23. Qd3 Qxc4 24. b3 Qe6 25. Bxc5 Qc6 26. Qd5 Qxd5 27. Rxd5 Bc3 28. Be3 Re7 29. Ra5 Rd7 30. Rxa7 Rd1 31. Rc7 Kg7 32. Rc4 Ra1 33. Bc5 Ra2 34. Bxb4 1-0


[Site "https://www.chess.com"]

[Event "Titled Tuesday Blitz May 23 Early 2023"]
[White "Bashkansky, Ethan"]
[Black "Tologon tegin, Semetei"]
[WhiteFideId "2071533"]
[BlackFideId "13800574"]
[WhiteElo "2337"]
[BlackElo "2247"]
[Result "1-0"]
[Round "10"]
[TimeControl "180+2"]
[Date "2023.05.23"]
[WhiteClock "0:00:07"]
[BlackClock "0:00:00"]

1. d4 d5 2. c4 e6 3. Nc3 a6 4. Nf3 Nf6 5. cxd5 exd5 6. Bg5 Be6 7. e3 Bd6 8. Bd3 Nbd7 9. O-O h6 10. Bh4 O-O 11. Rc1 c6 12. Qc2 Qc7 13. Bg3 Rfe8 14. b4 Bg4 15. a4 Bxg3 16. hxg3 Qd6 17. b5 axb5 18. axb5 c5 19. dxc5 Nxc5 20. Be2 b6 21. Rfd1 Red8 22. Nd4 Bxe2 23. Qxe2 Rd7 24. Qf3 Nce4 25. Nc6 Qe6 26. Ne2 g6 27. Ra1 Rxa1 28. Rxa1 Kg7 29. Ra8 h5 30. Qf4 Qd6 31. Qxd6 Nxd6 32. Ned4 Nfe4 33. Rb8 Rb7 34. Rxb7 Nxb7 35. Nb8 Nec5 36. Kh2 Kf6 37. Kh3 Ke7 38. g4 hxg4+ 39. Kxg4 Nd6 40. Nbc6+ Kd7 41. f3 Nd3 42. Kg5 Ne1 43. g4 Ng2 44. Nc2 Nxb5 45. Kf6 Nd6 46. g5 b5 47. N6d4 b4 48. Ke5 b3 49. Nxb3 Nc4+ 50. Kxd5 Ncxe3+ 51. Nxe3 Nxe3+ 52. Ke4 Nc4 53. Nd4 Ke7 54. Kf4 Nd6 55. Kg4 Nc4 56. Ne2 Kd6 57. Ng3 Ke5 58. Ne4 Ne3+ 59. Kg3 Kf5 60. Nd6+ Ke6 61. Ne4 Nf5+ 62. Kf4 Nd4 63. Ke3 Nf5+ 64. Kf4 Ne7 65. Kg4 Nd5 66. f4 Ne3+ 67. Kf3 Kd5 68. Kxe3 1-0


[Site "https://www.chess.com"]

[Event "Titled Tuesday Blitz May 23 Early 2023"]
[White "Filipascu"]
[Black "Rosh Jain"]
[BlackFideId "25789465"]
[WhiteElo "2545"]
[BlackElo "2233"]
[Result "1-0"]
[Round "10"]
[TimeControl "180+2"]
[Date "2023.05.23"]
[WhiteClock "0:01:21"]
[BlackClock "0:01:03"]

1. c4 Nf6 2. Nc3 e6 3. e4 d6 4. Nf3 Nbd7 5. d4 e5 6. d5 g6 7. Bd3 Bg7 8. O-O O-O 9. a3 a5 10. Re1 Ne8 11. Bg5 f6 12. Be3 h6 13. Nh4 Kh7 14. Qg4 g5 15. Nf5 Kg6 16. Nh4+ Kh7 17. Nf5 Kg6 18. h4 h5 19. Qf3 g4 20. Qe2 Nc5 21. Bxc5 dxc5 22. f3 gxf3 23. Qxf3 Bxf5 24. exf5+ Kh6 25. Be2 Kh7 26. Qxh5+ Kg8 27. Ne4 Nd6 28. Bd3 Nxe4 29. Rxe4 Qe8 30. Qf3 Kf7 31. Rg4 Rd8 32. Be4 Rg8 33. Rg6 Rd6 34. h5 Bh8 35. Rf1 Rxg6 36. fxg6+ Ke7 37. h6 Qf8 38. g7 Bxg7 39. hxg7 Qxg7 40. Bf5 Rd8 41. Qg4 Qh6 42. Qh3 Qg5 43. Bg6 Rf8 44. Qh7+ Kd8 45. Bf5 Rg8 46. Qd7# 1-0


[Site "https://www.chess.com"]

[Event "Titled Tuesday Blitz May 23 Early 2023"]
[White "Harsh Suresh"]
[Black "Rios Escobar, Adan"]
[WhiteFideId "45018464"]
[BlackFideId "3403645"]
[WhiteElo "2209"]
[BlackElo "2459"]
[Result "1-0"]
[Round "10"]
[TimeControl "180+2"]
[Date "2023.05.23"]
[WhiteClock "0:00:12"]
[BlackClock "0:00:06"]

1. e4 c5 2. Nc3 d6 3. f4 g6 4. Nf3 Bg7 5. Bc4 Nc6 6. O-O e6 7. d3 Nge7 8. Qe1 O-O 9. f5 gxf5 10. Bg5 fxe4 11. Be3 exf3 12. Rxf3 d5 13. Qh4 Ng6 14. Qh5 Qh4 15. Qxh4 Nxh4 16. Rh3 Ng6 17. Bxc5 dxc4 18. Bxf8 Bxf8 19. dxc4 Bc5+ 20. Kh1 f5 21. Rd1 Kf7 22. Rxh7+ Kf6 23. h4 Nce5 24. Rf1 Nd7 25. Ne4+ Ke5 26. Ng5 Kd6 27. Rd1+ Kc6 28. Nxe6 Nde5 29. Rd8 Bxe6 30. Rxa8 Bxc4 31. h5 Nf4 32. Rc8+ Kb6 33. Rhc7 Bd6 34. Rxc4 Nxc4 35. Rxc4 Nxh5 36. Rd4 Kc5 37. Rd3 Ng3+ 38. Kg1 f4 39. Kf2 Ne4+ 40. Kf3 Ng5+ 41. Kg4 Nf7 42. Kf5 Kc6 43. Ke6 Ng5+ 44. Kf5 Nf7 45. Rd1 b5 46. c3 a5 47. Ke6 Nd8+ 48. Kf6 Bc7 49. Ke7 Nb7 50. Ke6 Nc5+ 51. Kf5 Na4 52. Rd2 Bd6 53. Ke4 Bc7 54. Kf3 Nc5 55. Re2 a4 56. Rd2 Ne6 57. Ke4 Ng5+ 58. Kf5 Nf7 59. Kf6 Nd6 60. Re2 Nc4 61. Kf5 Ne3+ 62. Ke4 Nc4 63. b3 Nb6 64. Rd2 Nd5 65. Rxd5 axb3 66. axb3 b4 67. c4 Bb8 68. Rf5 Bc7 69. Rxf4 Kc5 70. Rf5+ Kb6 71. g4 Bd6 72. Rf6 Ka5 73. g5 Be7 74. Rf5+ Kb6 75. g6 Bf6 76. Rxf6+ Ka5 77. Rf5+ Kb6 78. g7 Kc6 79. g8=Q Kd6 80. Qg6+ Ke7 81. Rf7+ Ke8 82. Qg8# 1-0


[Site "https://www.chess.com"]

[Event "Titled Tuesday Blitz May 23 Early 2023"]
[White "Heinemann, Josefine"]
[Black "Wagner, Dennis"]
[WhiteFideId "12900460"]
[BlackFideId "24650684"]
[WhiteElo "2342"]
[BlackElo "2478"]
[Result "1/2-1/2"]
[Round "10"]
[TimeControl "180+2"]
[Date "2023.05.23"]
[WhiteClock "0:01:54"]
[BlackClock "0:00:11"]

1. e4 e5 2. Nf3 Nc6 3. Bc4 Nf6 4. d3 h6 5. O-O Bc5 6. c3 d6 7. Re1 Bb6 8. a4 a5 9. d4 O-O 10. h3 Nxe4 11. Rxe4 d5 12. Bxd5 Qxd5 13. Re2 exd4 14. cxd4 Nxd4 15. Nxd4 Qxd4 16. Qxd4 Bxd4 17. Be3 Re8 18. Nc3 Bxe3 19. Rxe3 Rxe3 20. fxe3 Be6 21. Rd1 Kf8 22. Rd4 c6 23. Ne4 Ke7 24. Nc5 b6 25. Nxe6 Kxe6 26. Kf2 Ra7 27. b4 axb4 28. Rxb4 Ra6 29. Ke2 Kd5 30. Kd3 c5 31. Rf4 f6 32. Rg4 g5 33. h4 f5 34. Rc4 Ra7 35. hxg5 hxg5 36. g4 Ke5 37. gxf5 Kxf5 38. Ke2 g4 39. Kf2 Rg7 40. a5 bxa5 41. Rxc5+ Ke4 42. Rxa5 g3+ 43. Kg2 Kxe3 44. Ra3+ Kf4 45. Ra4+ Kf5 46. Ra5+ Kf4 47. Ra4+ Kf5 48. Ra5+ Kg4 49. Ra4+ Kh5 50. Ra5+ Kh4 51. Ra4+ Rg4 52. Rxg4+ Kxg4 53. Kg1 Kf3 54. Kf1 g2+ 55. Kg1 Kg3 1/2-1/2


[Site "https://www.chess.com"]

[Event "Titled Tuesday Blitz May 23 Early 2023"]
[White "Rottenwohrer Suarez, Juan"]
[Black "Nagare Kaivalya Sandip"]
[WhiteFideId "32068182"]
[BlackFideId "25957929"]
[WhiteElo "2174"]
[BlackElo "2024"]
[Result "0-1"]
[Round "10"]
[TimeControl "180+2"]
[Date "2023.05.23"]
[WhiteClock "0:00:05"]
[BlackClock "0:01:36"]

1. d4 Nf6 2. c4 e6 3. Nc3 d5 4. cxd5 exd5 5. Bg5 Bb4 6. Qa4+ Nc6 7. e3 h6 8. Bh4 g5 9. Bg3 Ne4 10. Rc1 Bd7 11. Qc2 Qe7 12. Bd3 O-O-O 13. Nf3 h5 14. O-O Bxc3 15. bxc3 h4 16. Be5 f6 17. c4 Nb4 18. Qb3 Nxd3 19. Qxd3 fxe5 20. Nxe5 Bf5 21. Qe2 h3 22. g3 g4 23. cxd5 Rxd5 24. Qc4 Rhd8 25. Rfd1 Ng5 26. Qa4 a6 27. Nc6 Qe4 28. Nxd8 Qg2# 0-1


[Site "https://www.chess.com"]

[Event "Titled Tuesday Blitz May 23 Early 2023"]
[White "Bilan, Danila"]
[Black "Melikyan, Gnel"]
[WhiteFideId "24161918"]
[BlackFideId "54109990"]
[WhiteElo "2182"]
[BlackElo "2138"]
[Result "0-1"]
[Round "10"]
[TimeControl "180+2"]
[Date "2023.05.23"]
[WhiteClock "0:00:00"]
[BlackClock "0:00:32"]

1. d4 d6 2. Nf3 Nf6 3. Bg5 Nbd7 4. Nbd2 h6 5. Bh4 e5 6. e3 Be7 7. Bc4 O-O 8. c3 e4 9. Ng1 d5 10. Bb3 c6 11. Ne2 g5 12. Bg3 Nh5 13. c4 Nb6 14. Nc3 Ng7 15. f3 exf3 16. Qxf3 dxc4 17. Nxc4 Nxc4 18. Bxc4 Be6 19. Bxe6 Nxe6 20. Qf5 Ng7 21. Qh3 h5 22. Bf2 g4 23. Qg3 Bd6 24. Qh4 Be7 25. Qg3 f5 26. O-O-O Bg5 27. Kb1 Qe7 28. h4 Bh6 29. Rhe1 Rae8 30. e4 fxe4 31. Nxe4 Qf7 32. Be3 Nf5 0-1


[Site "https://www.chess.com"]

[Event "Titled Tuesday Blitz May 23 Early 2023"]
[White "Ambartsumova, Karina"]
[Black "Kielinkei"]
[WhiteFideId "4166299"]
[WhiteElo "2240"]
[BlackElo "2448"]
[Result "1-0"]
[Round "10"]
[TimeControl "180+2"]
[Date "2023.05.23"]
[WhiteClock "0:00:09"]
[BlackClock "0:00:04"]

1. Nf3 Nf6 2. c4 g6 3. d4 Bg7 4. Nc3 d5 5. cxd5 Nxd5 6. e4 Nxc3 7. bxc3 O-O 8. Be2 c5 9. O-O Nc6 10. Be3 b6 11. d5 Na5 12. Rc1 c4 13. Bd4 b5 14. Bxg7 Kxg7 15. Qd4+ Kg8 16. Rfd1 Bb7 17. h4 h5 18. Ng5 Qd7 19. f4 Bc8 20. f5 gxf5 21. Bxh5 Qd6 22. e5 Qh6 23. Bf3 Bb7 24. d6 Bxf3 25. Nxf3 exd6 26. exd6 Nc6 27. Qd5 Qe3+ 28. Kh1 Qe4 29. Qxb5 Rab8 30. Qd5 Rb2 31. Qxe4 fxe4 32. Ng5 e3 33. Re1 e2 34. Ne4 f5 35. Ng3 Ne5 36. Rxe2 Rxe2 37. Nxe2 Rd8 38. Rb1 Rxd6 39. Nd4 Rf6 40. Rb8+ Kh7 41. Rb7+ Kh6 42. Rxa7 f4 43. Ra5 Ng4 44. Rf5 Rxf5 45. Nxf5+ Kg6 46. Nd4 Nf2+ 47. Kg1 Ne4 48. Ne2 Kh5 49. a4 Kxh4 50. a5 Nc5 51. Nxf4 Kg4 52. Nd5 Kf5 53. Nb4 Ke4 54. a6 Nd7 55. a7 Nb6 56. Kf2 Kf4 57. g3+ Ke4 58. Kg2 Ke3 59. Nd5+ Nxd5 60. a8=Q Nxc3 61. Qa3 Kd3 62. g4 Kc2 63. g5 Nd1 64. g6 c3 65. g7 Nb2 66. g8=Q Nd3 67. Qgb3+ Kd2 68. Qxc3+ Ke2 69. Qxd3+ Ke1 70. Qc1# 1-0


[Site "https://www.chess.com"]

[Event "Titled Tuesday Blitz May 23 Early 2023"]
[White "Miranda, Rafael"]
[Black "Ramirez Vido, Robert Yorisan"]
[WhiteFideId "130990"]
[BlackFideId "3513823"]
[WhiteElo "2204"]
[BlackElo "2447"]
[Result "1-0"]
[Round "10"]
[TimeControl "180+2"]
[Date "2023.05.23"]
[WhiteClock "0:02:11"]
[BlackClock "0:00:56"]

1. d4 g6 2. Nf3 Nf6 3. e3 Bg7 4. Be2 O-O 5. O-O d6 6. c4 Nbd7 7. Nc3 e5 8. b3 Re8 9. Bb2 exd4 10. Nxd4 d5 11. cxd5 Nb6 12. Bb5 Bd7 13. Bc4 Bc8 14. Nde2 Nbxd5 15. Nxd5 Nxd5 16. Bxg7 Nxe3 17. Qxd8 Rxd8 18. Bf6 1-0


[Site "https://www.chess.com"]

[Event "Titled Tuesday Blitz May 23 Early 2023"]
[White "Manukian, Artak"]
[Black "Bruedigam, Martin"]
[WhiteFideId "13301373"]
[BlackFideId "24608033"]
[WhiteElo "2130"]
[BlackElo "2331"]
[Result "1-0"]
[Round "10"]
[TimeControl "180+2"]
[Date "2023.05.23"]
[WhiteClock "0:00:37"]
[BlackClock "0:00:13"]

1. e4 c6 2. d4 d5 3. e5 Bf5 4. c4 e6 5. Nc3 dxc4 6. Bxc4 Nd7 7. Nf3 Bb4 8. O-O Ne7 9. Nh4 O-O 10. Bg5 h6 11. Nxf5 hxg5 12. Nxe7+ Qxe7 13. Qh5 Bxc3 14. bxc3 g6 15. Qh6 Rfc8 16. f4 g4 17. h3 Qf8 18. Qg5 gxh3 19. g4 Nb6 20. Bd3 Qg7 21. Rf3 c5 22. Rxh3 cxd4 23. cxd4 Rc3 24. Kf2 Nd5 25. Rah1 Rac8 26. f5 Rc2+ 27. Bxc2 Rxc2+ 28. Ke1 Rc8 29. f6 1-0


[Site "https://www.chess.com"]

[Event "Titled Tuesday Blitz May 23 Early 2023"]
[White "Mazurkiewicz, Michal"]
[Black "Arat, Ufuk Sezen"]
[WhiteFideId "1124943"]
[BlackFideId "6309089"]
[WhiteElo "2054"]
[BlackElo "2289"]
[Result "1-0"]
[Round "10"]
[TimeControl "180+2"]
[Date "2023.05.23"]
[WhiteClock "0:00:04"]
[BlackClock "0:00:04"]

1. e4 c5 2. Nf3 e6 3. d3 d5 4. Nbd2 Nc6 5. g3 Nf6 6. Bg2 b5 7. O-O Bb7 8. Re1 dxe4 9. dxe4 c4 10. e5 Nd5 11. Ne4 Qb6 12. a4 O-O-O 13. axb5 Nc3 14. bxc6 Rxd1 15. cxb7+ Qxb7 16. Nxc3 Rxe1+ 17. Nxe1 Qb6 18. Ra4 Be7 19. Rxc4+ Kb8 20. Nd3 Rd8 21. Be3 Qa5 22. Ra4 Qc7 23. Nb4 Bxb4 24. Rxb4+ Kc8 25. h4 Qxe5 26. Bxa7 Qe1+ 27. Kh2 Kd7 28. Rd4+ Kc8 29. Rc4+ Kd7 30. Nb5 Rc8 31. Rd4+ Ke7 32. b4 Rxc2 33. Bc5+ Rxc5 34. bxc5 Qa5 35. Bc6 Qe1 36. Kg2 Qe5 37. Rd7+ Kf6 38. Nd6 Qxc5 39. Rxf7+ Ke5 40. Bf3 Qxd6 41. Rxg7 Qd3 42. Rg5+ Kf6 43. Rg4 e5 44. Be4 Qd2 45. Bxh7 Qe2 46. Kh3 Qf1+ 47. Kh2 Qxf2+ 48. Kh3 Qg1 49. Re4 Qh1+ 50. Kg4 Qd1+ 51. Kh3 Qf1+ 52. Kg4 Kg7 53. Bf5 Qd1+ 54. Kg5 Qd2+ 55. Kh5 Qh6+ 56. Kg4 Kf6 57. Rc4 Qg7+ 58. Kh3 Kxf5 59. g4+ Ke6 60. g5 Kd5 61. Rg4 Qd7 62. h5 e4 63. g6 e3 64. g7 e2 65. g8=Q+ Kc5 66. Qg5+ Kb6 67. Qe3+ Kc7 68. Qxe2 Qd5 69. Qe3 Qh1+ 70. Kg3 Qxh5 71. Qf4+ Kc6 72. Rg5 Qh1 73. Qf6+ Kb7 74. Rg7+ 1-0


[Site "https://www.chess.com"]

[Event "Titled Tuesday Blitz May 23 Early 2023"]
[White "Baches Garcia, Guillermo"]
[Black "Matveeva, Olga"]
[WhiteFideId "2209764"]
[BlackFideId "24107018"]
[WhiteElo "2512"]
[BlackElo "2009"]
[Result "1-0"]
[Round "10"]
[TimeControl "180+2"]
[Date "2023.05.23"]
[WhiteClock "0:00:08"]
[BlackClock "0:00:00"]

1. e4 e6 2. d4 d5 3. exd5 exd5 4. Nf3 Nf6 5. Bd3 c5 6. O-O c4 7. Re1+ Be7 8. Bf1 O-O 9. Nc3 Nc6 10. Bg5 h6 11. Bh4 Re8 12. Bxf6 gxf6 13. Qd2 Kg7 14. g3 Be6 15. Bg2 Rg8 16. Ne2 Bd6 17. Nf4 Bxf4 18. Qxf4 Qd7 19. c3 Ne7 20. Re2 Ng6 21. Qd2 h5 22. Rae1 h4 23. b3 cxb3 24. axb3 hxg3 25. fxg3 Rh8 26. Rf2 Rh5 27. Bh1 Rah8 28. Rd1 Bg4 29. c4 b6 30. Rdf1 Ne7 31. Ne5 Rxe5 32. dxe5 f5 33. cxd5 Ng6 34. Qd4 Kg8 35. Re1 Qc8 36. e6 fxe6 37. dxe6 Ne7 38. Qf6 Rh7 39. Qg5+ Rg7 40. Qf4 Qc5 41. Qe3 Qb4 42. Qd2 Qc5 43. Qd8+ Kh7 44. Qd2 a5 45. Qe3 Qb4 46. Bf3 Bh3 47. Bg2 Bg4 48. h3 Bh5 49. Rd2 b5 50. Kh2 a4 51. bxa4 bxa4 52. Qf4 Qb3 53. Re3 Qb1 54. Qh4 1-0


[Site "https://www.chess.com"]

[Event "Titled Tuesday Blitz May 23 Early 2023"]
[White "LeoLV10"]
[Black "Ordekalog"]
[WhiteElo "2409"]
[BlackElo "2510"]
[Result "0-1"]
[Round "10"]
[TimeControl "180+2"]
[Date "2023.05.23"]
[WhiteClock "0:00:47"]
[BlackClock "0:00:57"]

1. e4 d5 2. exd5 Qxd5 3. Nc3 Qa5 4. Bc4 Nf6 5. d3 c6 6. Bd2 Qc7 7. Qe2 Bg4 8. f3 Bf5 9. g4 Bc8 10. O-O-O b5 11. Bb3 a5 12. a4 b4 13. Ne4 Nxe4 14. fxe4 Nd7 15. h3 Nc5 16. Nf3 Nxb3+ 17. cxb3 Ba6 18. Rhf1 e6 19. Ng5 f6 20. Nxe6 Qd6 21. Nf4 O-O-O 22. Be3 Kb7 23. Rf3 g5 24. Nh5 Bxd3 25. Qf2 Be7 26. Bb6 Rd7 27. Rfxd3 Qxd3 28. Rd2 Qxd2+ 29. Qxd2 Rxd2 30. Bxa5 Rg2 31. Ng7 Bc5 32. Nf5 Re8 33. Bxb4 Bxb4 34. Nd6+ Bxd6 0-1


[Site "https://www.chess.com"]

[Event "Titled Tuesday Blitz May 23 Early 2023"]
[White "Tokman, Ariel"]
[Black "Ziatdinov, Raset"]
[WhiteFideId "117420"]
[BlackFideId "2015323"]
[WhiteElo "2263"]
[BlackElo "2220"]
[Result "1-0"]
[Round "10"]
[TimeControl "180+2"]
[Date "2023.05.23"]
[WhiteClock "0:00:51"]
[BlackClock "0:00:01"]

1. c4 Nf6 2. g3 g6 3. Bg2 Bg7 4. Nf3 O-O 5. O-O d6 6. Nc3 Nc6 7. d3 e5 8. Rb1 Nh5 9. b4 f5 10. b5 Ne7 11. Qc2 f4 12. a4 h6 13. Ba3 g5 14. Nd2 Nf5 15. a5 Nd4 16. Qd1 g4 17. e3 f3 18. exd4 fxg2 19. Kxg2 exd4 20. Nce4 Nf6 21. Bb2 Bf5 22. Bxd4 Nxe4 23. dxe4 Bxd4 24. exf5 Qg5 25. Ne4 Qg7 26. f4 gxf3+ 27. Qxf3 Rae8 28. Rbe1 Re5 29. f6 Qf7 30. Qg4+ Kh7 31. Nxd6 cxd6 32. Qxd4 Rxe1 33. Rxe1 Qxf6 34. Qxf6 Rxf6 35. Re7+ Kg6 36. Rxb7 Re6 37. Rxa7 Re2+ 38. Kf3 Rc2 39. Rc7 d5 40. b6 dxc4 41. b7 Rb2 42. a6 Rb3+ 43. Ke4 c3 44. a7 Ra3 45. b8=Q c2 46. Qb6+ Kh5 47. Rc5+ Kg4 48. Qe6# 1-0


[Site "https://www.chess.com"]

[Event "Titled Tuesday Blitz May 23 Early 2023"]
[White "Reprintsev, Alexander"]
[Black "Gutkin, Ilya"]
[WhiteFideId "14100541"]
[BlackFideId "16203470"]
[WhiteElo "2218"]
[BlackElo "2265"]
[Result "1-0"]
[Round "10"]
[TimeControl "180+2"]
[Date "2023.05.23"]
[WhiteClock "0:00:40"]
[BlackClock "0:00:00"]

1. e4 e6 2. d4 d5 3. Nc3 Nf6 4. Bg5 dxe4 5. Nxe4 Be7 6. Bxf6 gxf6 7. Nc3 c5 8. Bb5+ Bd7 9. dxc5 Bxb5 10. Qxd8+ Kxd8 11. Nxb5 Bxc5 12. O-O-O+ Kc8 13. Nd6+ Bxd6 14. Rxd6 Kc7 15. Rd3 Nc6 16. Rg3 Rhg8 17. Nf3 Rad8 18. c3 h6 19. Re1 f5 20. Kc2 f4 21. Rxg8 Rxg8 22. g3 fxg3 23. hxg3 Kd6 24. Re4 f5 25. Rh4 Rg6 26. b4 e5 27. b5 Ne7 28. Ra4 Nc8 29. Nh4 Rf6 30. Kd3 Kc5 31. Rb4 Nb6 32. Rb1 e4+ 33. Ke2 f4 34. Rb4 f3+ 35. Ke1 Nd5 36. Rxe4 Nxc3 37. Re5+ Kd4 38. Rf5 Rxf5 39. Nxf5+ Ke4 40. Nxh6 Nxa2 41. Kd2 Nb4 42. Nf7 Nd5 43. Nd6+ Kd4 44. Nxb7 Kc4 45. Nd6+ Kc5 46. Ne4+ Kxb5 47. Ng5 a5 48. Nxf3 Nf6 49. Ne5 Ne4+ 50. Ke3 Nd6 51. g4 a4 52. Nd3 a3 53. Nc1 Kc4 54. Kd2 Ne4+ 55. Ke3 Ng5 56. f4 Ne6 57. f5 Nc5 58. g5 Kd5 59. Kf4 Nd3+ 60. Nxd3 a2 61. Nb4+ 1-0


[Site "https://www.chess.com"]

[Event "Titled Tuesday Blitz May 23 Early 2023"]
[White "Klepikov, Nikita"]
[Black "Turzo, Attila"]
[WhiteFideId "24145220"]
[BlackFideId "704954"]
[WhiteElo "2025"]
[BlackElo "2499"]
[Result "0-1"]
[Round "10"]
[TimeControl "180+2"]
[Date "2023.05.23"]
[WhiteClock "0:00:10"]
[BlackClock "0:00:13"]

1. e4 d6 2. d4 Nf6 3. Nc3 g6 4. Be2 Bg7 5. g4 c5 6. d5 O-O 7. g5 Nfd7 8. h4 a6 9. a4 Nb6 10. h5 Ra7 11. Qd3 Re8 12. hxg6 hxg6 13. Qg3 e6 14. dxe6 Bxe6 15. Bd2 Nc6 16. Qh4 Nd4 17. O-O-O d5 18. f4 dxe4 19. Nxe4 Nd5 20. Bc4 Bf5 21. Bxd5 Bxe4 22. Bxe4 Rxe4 23. Bc3 b5 24. Bxd4 Rxd4 25. Qh7+ Kf8 26. Nf3 Rxd1+ 27. Rxd1 Bxb2+ 28. Kxb2 Qxd1 29. Qh8+ Ke7 30. Qf6+ Ke8 31. Qc6+ Qd7 32. Qxc5 bxa4 33. Ne5 Qb5+ 34. Qxb5+ axb5 35. Nc6 Ra6 36. Nd4 b4 37. c3 a3+ 38. Kb3 a2 39. Nc2 a1=Q 40. Nxa1 Rxa1 41. cxb4 Rf1 0-1


[Site "https://www.chess.com"]

[Event "Titled Tuesday Blitz May 23 Early 2023"]
[White "Sliwicki, Damian"]
[Black "Dishman, Stephen"]
[WhiteFideId "1127128"]
[BlackFideId "403024"]
[WhiteElo "2030"]
[BlackElo "2204"]
[Result "0-1"]
[Round "10"]
[TimeControl "180+2"]
[Date "2023.05.23"]
[WhiteClock "0:01:19"]
[BlackClock "0:00:59"]

1. d4 d5 2. Bf4 c5 3. e3 Nc6 4. Nc3 cxd4 5. exd4 Bf5 6. Nf3 e6 7. Bd3 Bxd3 8. Qxd3 Bd6 9. Bxd6 Qxd6 10. O-O-O Nf6 11. Kb1 O-O 12. g4 Rac8 13. g5 Nd7 14. h4 Nb4 15. Qe2 Rxc3 16. bxc3 Nc6 17. h5 Na5 18. Nd2 Nb6 19. Qe5 Qxe5 20. dxe5 Rc8 21. Rh3 Na4 22. c4 Nxc4 23. Nxc4 Rxc4 24. Rdd3 Kf8 25. Rdf3 Rg4 26. g6 Rg1# 0-1


[Site "https://www.chess.com"]

[Event "Titled Tuesday Blitz May 23 Early 2023"]
[White "Real_taiatai"]
[Black "Tanmay Jain"]
[BlackFideId "45015481"]
[WhiteElo "2365"]
[BlackElo "2032"]
[Result "1-0"]
[Round "10"]
[TimeControl "180+2"]
[Date "2023.05.23"]
[WhiteClock "0:00:28"]
[BlackClock "0:00:15"]

1. f4 c5 2. Nf3 Nf6 3. d3 d6 4. e4 g6 5. Be2 Bg7 6. O-O Nc6 7. Nc3 Bd7 8. Qe1 a6 9. a4 Qc7 10. Kh1 O-O-O 11. Be3 h6 12. Nd5 Nxd5 13. exd5 Nd4 14. Nxd4 cxd4 15. Bd2 Kb8 16. Ba5 b6 17. Bb4 Qxc2 18. Rc1 Qxa4 19. Bd1 Qb5 20. Rc4 Rhe8 21. Qd2 Rc8 22. Bb3 a5 23. Ra1 Rxc4 24. Bxa5 Rc7 25. Bc4 Rxc4 26. dxc4 Qxc4 27. Bxb6 Qb5 28. Bxd4 Bxd4 29. Qxd4 Qb7 30. Qg7 Rc8 31. Qxf7 Qxb2 32. Rg1 Qf6 33. Rb1+ Ka7 34. Qxf6 exf6 35. h3 Rc5 36. Re1 Kb7 37. Re7 Kc8 38. Rf7 Rxd5 39. Rxf6 Be8 40. Re6 Rd2 41. Rxe8+ Kd7 42. Rg8 Rf2 43. Rxg6 Rxf4 44. Rxh6 d5 45. Kg1 d4 46. Ra6 d3 47. Ra2 Re4 48. Kf2 Ke6 49. Rd2 1-0


[Site "https://www.chess.com"]

[Event "Titled Tuesday Blitz May 23 Early 2023"]
[White "Lehtosaari, Mauri"]
[Black "Lesbekova, Assel"]
[WhiteFideId "501999"]
[BlackFideId "13713248"]
[WhiteElo "2496"]
[BlackElo "1805"]
[Result "1-0"]
[Round "10"]
[TimeControl "180+2"]
[Date "2023.05.23"]
[WhiteClock "0:00:33"]
[BlackClock "0:00:03"]

1. d4 Nf6 2. Nf3 c5 3. d5 d6 4. Nc3 g6 5. e4 Bg7 6. Nd2 O-O 7. Be2 Ne8 8. O-O f5 9. exf5 Bxf5 10. Nc4 Nd7 11. a4 Ne5 12. Bg5 Nxc4 13. Bxc4 Bf6 14. Bxf6 exf6 15. Re1 Ng7 16. a5 a6 17. Na4 Re8 18. Qd2 Qc7 19. Nb6 Rad8 20. Qc3 Qf7 21. h3 Bc8 22. Be2 Re7 23. Bg4 Bxg4 24. hxg4 Rde8 25. Rxe7 Qxe7 26. Nc4 h5 27. Qd3 Kf7 28. Qg3 Rd8 29. Kf1 hxg4 30. Re1 Qd7 31. Ne3 Re8 32. Qxg4 Qxg4 33. Nxg4 Rxe1+ 34. Kxe1 Nf5 35. Kd2 Nh4 36. g3 Nf3+ 37. Ke3 Nd4 38. Kd3 f5 39. Ne3 Kf6 40. Nc4 Ke7 41. Nd2 Nb5 42. c3 Nc7 43. c4 Ne8 44. Nf3 Kf6 45. Ne1 Ng7 46. Nc2 Nh5 47. b4 cxb4 48. Nxb4 f4 49. g4 Ng7 50. Ke4 Kg5 51. Nd3 Ne8 52. f3 Nf6+ 53. Kd4 Kh4 54. Nxf4 g5 55. Ne6 Kg3 56. Nxg5 Kf4 57. Nf7 Kxf3 58. g5 Ne8 59. g6 Kf4 60. c5 dxc5+ 61. Kxc5 Kf5 62. Nd6+ Nxd6 63. Kxd6 Kxg6 64. Kc7 b5 65. axb6 a5 66. b7 a4 67. b8=Q 1-0


[Site "https://www.chess.com"]